 Dungeon Crawl Stone Soup version 0.31-a0-845-g9abc20d24f (webtiles) character file.

Game seed: 14909566694953297160

13750 Gargoyl the Cruncher (level 12, -3/112 HPs)
             Began as a Gargoyle Berserker on Oct 3, 2023.
             Was a Priest of Trog.
             Slain by a harpy (8 damage)
             ... on level 2 of the Lair of Beasts.
             The game lasted 00:15:02 (9801 turns).

Gargoyl the Cruncher (Gargoyle Berserker)           Turns: 9801, Time: 00:15:03

Health: -3/112     AC: 25    Str: 20    XL:     12   Next: 9%
Magic:  12/12      EV: 14    Int: 10    God:    Trog [***...]
Gold:   608        SH:  0    Dex: 13    Spells: 11/11 levels left

rFire   + . .        m - +2 quarterstaff (chaos)
rCold   . . .        (shield currently unavailable)
rNeg    + + .        h - +0 plate armour
rPois   ∞            (no helmet)
rElec   +            l - +2 cloak
rCorr   .            u - +1 pair of gloves
SInv    +            (no boots)
Will    ++...        (no amulet) Stlth
                     w - ring "Lich" {rF+ rN+ Stlth+}
HPRegen 1.38/turn    n - +5 ring of evasion
MPRegen 0.13/turn

%: no passive effects
@: berserking, strong-willed, regenerating, very quick
A: sickness immunity, AC +8, negative energy resistance 1, electricity
resistance, torment resistance 1, petrification resistance, see invisible,
deformed body
a: Renounce Religion, Berserk, Trog's Hand


You were on level 2 of the Lair of Beasts.
You worshipped Trog.
Trog was most pleased with you.
You visited 2 branches of the dungeon, and saw 11 of its levels.

You collected 608 gold pieces.

Inventory:

Hand Weapons
 a - a +1 hand axe
 m - a +2 quarterstaff of chaos (weapon)
 y - a +2 war axe of flaming
Missiles
 p - a throwing net
 r - 28 poisoned darts (quivered)
Armour
 h - a +0 plate armour (worn)
 l - a +2 cloak (worn)
 u - a +1 pair of gloves (worn)
Jewellery
 c - a ring of protection from cold
 n - a +5 ring of evasion (right hand)
 v - a ring of resist corrosion
 w - the ring "Lich" (left hand) {rF+ rN+ Stlth+}
   (You found it on level 7 of the Dungeon)

   [ring of positive energy]

   rF+:       It protects you from fire.
   rN+:       It protects you from negative energy.
   Stlth+:    It makes you more stealthy.
 A - an amulet of guardian spirit
Wands
 j - a wand of roots (15)
 t - a wand of flame (36)
 x - a wand of charming (4)
 B - a wand of quicksilver (1)
Scrolls
 d - a scroll of silence
 f - a scroll of blinking
 i - 7 scrolls of identify
 o - 2 scrolls of revelation
 q - a scroll of vulnerability
Potions
 b - 10 potions of curing
 e - a potion of might
 g - a potion of enlightenment
 k - a potion of lignification
 s - a potion of cancellation


   Skills:
 + Level 8.6 Fighting
 + Level 4.4 Axes
 + Level 13.7 Staves
 + Level 0.4 Throwing
 * Level 12.1 Armour
 * Level 7.2 Dodging
 + Level 2.2 Stealth
 + Level 1.3 Evocations


You had 11 spell levels left.
You didn't know any spells.
Your spell library was empty.

Dungeon Overview and Level Annotations

Branches:
Dungeon (9/15)             Temple (0/1) D:4            Lair (2/5) D:8
 Shoals (0/4) Lair:2
  Snake: Lair:2-3    Spider: Lair:2-3       Orc: D:9-12

Altars:
Hepliaklqana
Makhleb
Qazlal
Trog
Xom
Zin
The Shining One


Innate Abilities, Weirdness & Mutations

You are immune to sickness and miasma.
Your stone body is resilient. (AC +8)
You are immune to poison.
You resist negative energy. (rN+)
You are resistant to electric shocks. (rElec)
You are resistant to unholy torment.
You are immune to petrification.
You have supernaturally acute eyesight. (SInv)
Armour fits poorly on your strangely shaped body.


Message History

Trog accepts your kill. The harpy claws you but does no damage.
The harpy barely misses you. The harpy misses you. The harpy claws you!
The harpy misses you. The harpy barely misses you.
Unknown command.
You barely miss the harpy.
The harpy is lightly wounded.
The harpy closely misses you. The harpy claws you.
The harpy completely misses you.
The harpy claws you but does no damage. x3
Unknown command.
You sock the harpy!
The harpy suddenly seems more resistant.
The harpy is moderately wounded.
The harpy claws you!
The harpy claws you but does no damage. x3
The harpy closely misses you. The harpy claws you but does no damage.
Unknown command.
You hit the harpy.
The harpy is poisoned.
The harpy is moderately wounded.
The harpy claws you but does no damage. x2; The harpy barely misses you. x2
The harpy claws you!
* * * LOW HITPOINT WARNING * * *
The harpy barely misses you.
Unknown command.
You barely miss the harpy.
The harpy is moderately wounded.
The harpy closely misses you. x2; The harpy claws you but does no damage. x4
Unknown command.
You hit the harpy.
The harpy is moderately wounded.
The harpy closely misses you. x2; The harpy claws you!!
* * * LOW HITPOINT WARNING * * *
The harpy misses you. The harpy closely misses you.
The harpy claws you but does no damage.
Unknown command.
You thump the harpy! You burn the harpy.
The harpy is severely wounded.
The harpy claws you!
* * * LOW HITPOINT WARNING * * *
The harpy barely misses you. The harpy claws you!
You die...

.~.>.~~#.#
~~~#.#~~#.# ## #
~~~~~~~.#.##.#..
..~..~.....$.....
.................
..................
.....##.#.H.......
...#.....@H.#
.......PP..H.#
.......#.....#
.......+...P.#
...........#.#..
.............#...
....#.............
..........#..#....
....P.............#


You could see 3 harpies.

Vanquished Creatures
  3 death yaks (D:8)
  A black mamba (Lair:1)
  3 cane toads (Lair:1)
  A yaktaur (shapeshifter) (Lair:1)
  The ghost of Nattfarinn the Magician, a novice GrVM (D:5)
  2 komodo dragons (Lair:1)
  A troll (D:5)
  A hornet (D:9)
  4 blink frogs (Lair:1)
  Sigmund (D:6)
  A vampire (D:9)
  17 yaks
  A shadow (D:9)
  3 wyverns
  A steam dragon (D:8)
  Edmund (D:6)
  An acid dragon (D:9)
  7 water moccasins
  5 orc warriors
  3 black bears
  An ice beast (D:7)
  3 ogres
  6 wolves (Lair:1)
  A centaur (D:8)
  A boggart (shapeshifter) (D:7)
  2 kobold brigands
  4 bullfrogs
  4 scorpions
  15 wights
  11 killer bees
  A howler monkey (D:9)
  A crimson imp (D:6)
  3 hounds
  2 jellies
  3 orc priests
  2 sleepcaps
  Crazy Yiuf (D:2)
  Ijyb (D:4)
  2 hell rats (D:8)
  3 iguanas
  Natasha (thrice) (D:4)
  5 orc wizards
  9 gnolls
  9 adders
  A white imp (D:6)
  2 worms
  3 dart slugs
  21 orcs
  3 ball pythons
  4 endoplasms
  4 giant cockroaches
  6 goblins
  7 hobgoblins
  4 jackals (D:1)
  17 kobolds
  5 quokkas
  4 bats
  3 frilled lizards
  9 rats
244 creatures vanquished.

Notes
Turn   | Place    | Note
-------+----------+-------------------------------------------
     0 | D:1      | Gargoyl the Gargoyle Berserker began the quest for the Orb.
     0 | D:1      | Reached XP level 1. HP: 14/14 MP: 1/1
   134 | D:1      | Reached XP level 2. HP: 15/19 MP: 2/2
   270 | D:1      | Reached XP level 3. HP: 24/24 MP: 3/3
   434 | D:1      | Reached ** piety under Trog
   675 | D:2      | Reached XP level 4. HP: 29/29 MP: 4/4
   776 | D:2      | Noticed a black bear
   785 | D:2      | Killed a black bear
   786 | D:2      | Reached XP level 5. HP: 33/33 MP: 5/5
  1146 | D:2      | Found a runed translucent door.
  1147 | D:2      | Noticed Crazy Yiuf
  1390 | D:2      | Killed Crazy Yiuf
  1541 | D:3      | Found a glowing silver altar of Zin.
  1611 | D:3      | Identified a scroll of acquirement
  1611 | D:3      | Acquired a manual of Staves
  1689 | D:3      | Reached XP level 6. HP: 33/39 MP: 6/6
  1789 | D:3      | Reached skill level 1 in Staves
  1901 | D:3      | Reached skill level 2 in Staves
  2421 | D:4      | Noticed a black bear
  2426 | D:4      | Killed a black bear
  2427 | D:4      | Reached skill level 3 in Staves
  2427 | D:4      | Reached XP level 7. HP: 44/44 MP: 7/7
  2465 | D:4      | Found a staircase to the Ecumenical Temple.
  2524 | D:4      | Found a hazy altar of Hepliaklqana.
  2584 | D:4      | Noticed Ijyb
  2594 | D:4      | Killed Ijyb
  2718 | D:4      | Noticed Natasha
  2726 | D:4      | Killed Natasha
  2927 | D:4      | Noticed Natasha
  2932 | D:4      | Killed Natasha
  3130 | D:4      | Noticed Natasha
  3136 | D:4      | Killed Natasha
  3137 | D:4      | Reached skill level 4 in Staves
  3356 | D:5      | Entered Level 5 of the Dungeon
  3378 | D:5      | Found a transporter.
  3382 | D:5      | Noticed a troll
  3432 | D:5      | Noticed Nattfarinn's ghost (novice GrVM)
  3433 | D:5      | Found a transporter.
  3508 | D:5      | Reached skill level 5 in Fighting
  3584 | D:5      | Reached skill level 5 in Staves
  3584 | D:5      | Reached skill level 5 in Armour
  3584 | D:5      | Reached XP level 8. HP: 49/49 MP: 8/8
  3998 | D:5      | Found a stormy altar of Qazlal.
  4178 | D:5      | Killed Nattfarinn's ghost
  4179 | D:5      | Reached skill level 6 in Staves
  4249 | D:5      | Killed a troll
  4250 | D:5      | Reached skill level 7 in Staves
  4380 | D:6      | Noticed Edmund
  4402 | D:6      | Killed Edmund
  4403 | D:6      | Reached XP level 9. HP: 40/55 MP: 9/9
  4410 | D:6      | Gained mutation: You are clumsy. (Dex -2) [potion of
                  | mutation]
  4410 | D:6      | Gained mutation: Your muscles are strong. (Str +4, Int/Dex
                  | -1) [potion of mutation]
  4410 | D:6      | Gained mutation: You are frail. (-10% HP) [potion of
                  | mutation]
  4471 | D:6      | Noticed Sigmund
  4478 | D:6      | Killed Sigmund
  4519 | D:6      | Reached skill level 8 in Staves
  4828 | D:6      | Found a shimmering altar of Xom.
  4829 | D:6      | Found a burning altar of Makhleb.
  5235 | D:7      | Identified the ring "Lich" {rF+ rN+ Stlth+}
  5240 | D:7      | Found a glowing golden altar of the Shining One.
  5249 | D:7      | Reached skill level 9 in Staves
  5455 | D:7      | Reached skill level 5 in Dodging
  5758 | D:7      | Reached XP level 10. HP: 49/54 MP: 10/10
  5792 | D:7      | Reached skill level 10 in Staves
  5810 | D:7      | Reached *** piety under Trog
  6674 | D:8      | Found a bloodstained altar of Trog.
  6698 | D:8      | Noticed a death yak
  6700 | D:8      | Found a staircase to the Lair.
  6700 | D:8      | Noticed a death yak
  6715 | D:8      | Killed a death yak
  6716 | D:8      | Reached skill level 1 in Stealth
  6723 | D:8      | Noticed a death yak
  6757 | D:8      | Killed a death yak
  6758 | D:8      | Reached skill level 11 in Staves
  6768 | D:8      | Killed a death yak
  6951 | D:8      | Reached skill level 1 in Evocations
  7186 | D:8      | Reached skill level 12 in Staves
  7186 | D:8      | Reached skill level 10 in Armour
  7316 | D:8      | Reached XP level 11. HP: 51/60 MP: 11/11
  7970 | D:9      | Reached skill level 13 in Staves
  8669 | Lair:1   | Entered Level 1 of the Lair of Beasts
  8804 | Lair:1   | Identified the +0 chain mail "Teunt" {rPois Str+7 Dex-2}
  8846 | Lair:1   | Lost mutation: Your muscles are strong. (Str +4, Int/Dex
                  | -1) [potion of mutation]
  8846 | Lair:1   | Lost mutation: You are frail. (-10% HP) [potion of
                  | mutation]
  8846 | Lair:1   | Lost mutation: You are clumsy. (Dex -2) [potion of
                  | mutation]
  8846 | Lair:1   | Gained mutation: Armour fits poorly on your strangely
                  | shaped body. [potion of mutation]
  8846 | Lair:1   | Gained mutation: You have supernaturally acute eyesight.
                  | (SInv) [potion of mutation]
  9345 | Lair:1   | Reached XP level 12. HP: 75/75 MP: 12/12
  9785 | Lair:2   | Found a staircase to the Shoals.
  9801 | Lair:2   | HP: 5/112 [harpy (11)]
  9801 | Lair:2   | Slain by a harpy

Illustrated notes

Levels and vault maps discovered:
D:1:      grunt_arrival_crossed_arrows, layout_rooms
D:2:      layout_basic, uniq_crazy_yiuf_cottage
D:3:      layout_loops_ring, lemuel_doored_altar, minmay_fountain_box,
          minmay_door_square, chequers_serial_rivers_room_a
D:4:      black_bear_nest_2, layout_basic, mainiacjoe_overflow_alcove_1,
          temple_doors_ab, hangedman_glass_teeth, kennysheep_generic_room_16,
          uniq_natasha, uniq_ijyb
D:5:      layout_basic, kennysheep_mini_moat, gammafunk_ghost_arena
D:6:      layout_loops_ring, grunt_temple_overflow_champion_of_chaos,
          uniq_sigmund, uniq_edmund
D:7:      layout_layer_cave, mainiacjoe_overflow_alcove_2,
          chequers_serial_rivers_micro_e, nicolae_fountain_basement
D:8:      layout_loops_cross, lemuel_crystal_altar, dpeg_lair_monsters,
          serial_rivers, chequers_serial_rivers_micro_a,
          chequers_serial_rivers_large_a, chequers_serial_rivers_room_b,
          chequers_serial_rivers_micro_b, hangedman_abyss_or_decor_stabs,
          minmay_misc_feat_cross
D:9:      layout_loops_cross, minmay_fractal_squares_5
Lair:1:   layout_regular_city, st_stairs_5, serial_bayou_ford_a
Lair:2:   layout_chaotic_city, nicolae_shoals_entry_roost, st_stairs_6,
          evilmike_ambush [evilmike_ambush_outer_basic,
          evilmike_ambush_inner_basic]

Skill      XL: |  1  2  3  4  5  6  7  8  9 10 11 12 |
---------------+-------------------------------------+-----
Axes           | 3 4 |  4.4
Dodging        | 2 3 4 5 6 7 |  7.2
Fighting       | 4 5 6 7 8 |  8.6
Armour         | 3 4 5 7 9 10 11 12 | 12.1
Staves         | 3 5 7 9 12 13 | 13.7
Stealth        | 1 2 |  2.2
Evocations     | 1 |  1.3
Throwing       | |  0.4

Action                     |  1- 3 |  4- 6 |  7- 9 | 10-12 || total
---------------------------+-------+-------+-------+-------++-------
  Melee: Hand axe          |    98 |    55 |       |       ||   153
         Quarterstaff      |       |    46 |   270 |   507 ||   823
         Punch             |       |     1 |       |       ||     1
  Throw: Dart              |       |       |     4 |       ||     4
 Invoke: Berserk           |     2 |     4 |    10 |     7 ||    23
         Trog's Hand       |       |     2 |     5 |    11 ||    18
  Evoke: Wand              |       |       |       |     8 ||     8
    Use: Scroll            |     1 |     5 |    11 |     5 ||    22
         Potion            |       |       |     1 |     2 ||     3
   Stab: Confused          |       |       |       |     3 ||     3
         Petrifying        |       |       |       |     1 ||     1
 Armour: Animal skin       |    29 |       |       |       ||    29
         Plate armour      |    22 |   114 |   186 |   365 ||   687
         Scale mail        |     8 |       |       |       ||     8
  Dodge: Dodged            |    84 |    40 |   166 |   335 ||   625

Table legend: (Time is in decaauts)
 A = Elapsed time spent in this place.
 B = Non-inter-level travel time spent in this place.
 C = Inter-level travel time spent in this place.
 D = Time resting spent in this place.
 E = Time spent auto-exploring this place.
 F = Levels seen in this place.
 G = Mean time per level.
                   A        B        C        D        E       F      G
               +--------+--------+--------+--------+--------+-----+--------+
         Total |   9902 |   9478 |    424 |    335 |   6840 |  11 |  900.2 |
       Dungeon |   8823 |   8429 |    394 |    335 |   6062 |   9 |  980.3 |
          Lair |   1079 |   1050 |     29 |      0 |    777 |   2 |  539.5 |
               +--------+--------+--------+--------+--------+-----+--------+

Top non-repeatable levels by time:
     D:7: 1454 daAuts
     D:8: 1149 daAuts
     D:4: 1126 daAuts
  Lair:1: 1045 daAuts
     D:5: 1018 daAuts
     D:9: 945 daAuts
     D:2: 926 daAuts
     D:3: 864 daAuts
     D:6: 784 daAuts
     D:1: 553 daAuts
  Lair:2: 33 daAuts
